MLB
LOS ANGELES DODGERS @ MILWAUKEE BREWERS
08/15/2049
 
TOP OF THE 1ST
Los Angeles Dodgers batting - Pitching for Milwaukee Brewers : RHP Mekonen Mahfudh
Pitching: RHP Mekonen Mahfudh
Batting: RHB Tim Nettles 0-0: Ball
1-0: Ground out 1-3 (Groundball, 15S, EV 68.1 MPH)
Batting: SHB Joel Baker 0-0: Called Strike
0-1: Ball
1-1: Ball
2-1: Ground out U3 (Groundball, 3, EV 98.8 MPH)
Batting: LHB Lirak Bazhunaishvili 0-0: Ball
1-0: Swinging Strike
1-1: Ground out 5-3 (Groundball, 56, EV 103.1 MPH)
Top of the 1st over - 0 runs, 0 hits, 0 errors, 0 left on base; Los Angeles 0 - Milwaukee 0
BOTTOM OF THE 1ST
Milwaukee Brewers batting - Pitching for Los Angeles Dodgers : RHP Michael Walsh
Pitching: RHP Michael Walsh
Batting: LHB Jason Peck 0-0: Called Strike
0-1: Called Strike
0-2: SINGLE (Groundball, 56S, EV 75.0 MPH) (infield hit)
Batting: LHB Eric Klasek 0-0: Ball
1-0: Sac Bunt to 15 - play at first, batter OUT! 1-3
Jason Peck to second
Batting: SHB Lewis Thorpe Jr. 0-0: Ball
1-0: Swinging Strike
1-1: Fly out, F7 (Flyball, 7, EV 88.8 MPH)
Batting: RHB Joel Haycock 0-0: Foul Ball, location: 2F
0-1: Ball
1-1: Ball
2-1: Swinging Strike
2-2: Foul Ball, location: 2F
2-2: Strikes out swinging
Bottom of the 1st over - 0 runs, 1 hit, 0 errors, 1 left on base; Los Angeles 0 - Milwaukee 0
TOP OF THE 2ND
Los Angeles Dodgers batting - Pitching for Milwaukee Brewers : RHP Mekonen Mahfudh
Batting: LHB Chris Buchan 0-0: Ball
1-0: Foul Ball, location: 2F
1-1: Called Strike
1-2: Strikes out swinging
Batting: SHB Shane Marcum 0-0: Ball
1-0: Ball
2-0: Ball
3-0: Base on Balls
Batting: RHB Danny Dyer 0-0: Ball
Shane Marcum steals 2nd base (no throw)
1-0: Ball
2-0: Called Strike
2-1: Ball
3-1: 2-RUN HOME RUN (Flyball, 7LD, EV 93.1 MPH), Distance : 367 ft
Batting: RHB Tsutomu Irie 0-0: Ball
1-0: Swinging Strike
1-1: Ball
2-1: Foul Ball, location: 2F
2-2: Fly out, F7 (Flyball, 78M, EV 77.5 MPH)
Batting: SHB Benjamin Brown 0-0: Ball
1-0: Called Strike
1-1: Swinging Strike
1-2: Ball
2-2: Ball
3-2: Base on Balls
Batting: RHB Rodolfo Rivera 0-0: Called Strike
Benjamin Brown steals 2nd base (no throw)
0-1: Ball
1-1: Called Strike
1-2: Ball
2-2: Ball
3-2: Foul Ball, location: 2F
3-2: Ground out 5-3 (Groundball, 56S, EV 92.5 MPH)
Top of the 2nd over - 2 runs, 1 hit, 0 errors, 1 left on base; Los Angeles 2 - Milwaukee 0
BOTTOM OF THE 2ND
Milwaukee Brewers batting - Pitching for Los Angeles Dodgers : RHP Michael Walsh
Batting: RHB Dave Gonzalez 0-0: Swinging Strike
0-1: SINGLE (Groundball, 56D, EV 104.4 MPH)
Batting: LHB Alfredo de la Cruz 0-0: Foul Ball, location: 2F
0-1: Called Strike
0-2: Ball
1-2: Ball
2-2: Strikes out swinging
Batting: RHB Mike Ball 0-0: Foul Ball, location: 2F
0-1: Called Strike
0-2: Ball
1-2: Ball
2-2: Strikes out swinging
Batting: RHB Kisho Ito 0-0: Foul Ball, location: 2F
0-1: Ball
1-1: Called Strike
1-2: Ground out 6-3 (Groundball, 56, EV 106.2 MPH)
Bottom of the 2nd over - 0 runs, 1 hit, 0 errors, 1 left on base; Los Angeles 2 - Milwaukee 0
TOP OF THE 3RD
Los Angeles Dodgers batting - Pitching for Milwaukee Brewers : RHP Mekonen Mahfudh
Batting: RHB Tim Nettles 0-0: Foul Ball, location: 2F
0-1: Foul Ball, location: 2F
0-2: Ball
1-2: Strikes out swinging
Batting: SHB Joel Baker 0-0: Called Strike
0-1: Ball
1-1: DOUBLE (Flyball, 8LXD, EV 94.4 MPH)
Batting: LHB Lirak Bazhunaishvili 0-0: SINGLE (Groundball, 6MD, EV 101.2 MPH)
Joel Baker to third
Batting: LHB Chris Buchan 0-0: Called Strike
0-1: Called Strike
Lirak Bazhunaishvili is caught stealing 2nd base 2-6
0-2: Fly out, F3 (Popup, 3SF, EV 80.0 MPH)
Top of the 3rd over - 0 runs, 2 hits, 0 errors, 1 left on base; Los Angeles 2 - Milwaukee 0
BOTTOM OF THE 3RD
Milwaukee Brewers batting - Pitching for Los Angeles Dodgers : RHP Michael Walsh
Batting: RHB Naofumi Ishida 0-0: Called Strike
0-1: Ball
1-1: Foul Ball, location: 2F
1-2: Ball
2-2: Ball
3-2: Base on Balls
Batting: LHB Jason Peck 0-0: Foul Ball, location: 2F
0-1: Foul Ball, location: 2F
0-2: Ball
1-2: Strikes out swinging
Batting: LHB Eric Klasek 0-0: Called Strike
0-1: Ball
1-1: Foul Ball, location: 2F
1-2: Ball
2-2: Strikes out swinging
Batting: SHB Lewis Thorpe Jr. 0-0: Ball
1-0: Called Strike
1-1: Foul Ball, location: 2F
1-2: Ball
2-2: SINGLE (Line Drive, 7S, EV 110.6 MPH)
Naofumi Ishida to second
Runner from 2nd tries for 3rd, SAFE, throw by LF made to third
Batting: RHB Joel Haycock 0-0: Called Strike
0-1: Ball
1-1: Ground out 6-3 (Groundball, 6S, EV 81.9 MPH)
Bottom of the 3rd over - 0 runs, 1 hit, 0 errors, 2 left on base; Los Angeles 2 - Milwaukee 0
TOP OF THE 4TH
Los Angeles Dodgers batting - Pitching for Milwaukee Brewers : RHP Mekonen Mahfudh
Batting: SHB Shane Marcum 0-0: Ground out 4-3 (Groundball, 4, EV 101.9 MPH)
Batting: RHB Danny Dyer 0-0: Ball
1-0: Foul Ball, location: 2F
1-1: Fly out, F8 (Flyball, 8LD, EV 99.4 MPH)
Batting: RHB Tsutomu Irie 0-0: Foul Ball, location: 2F
0-1: Ball
1-1: Called Strike
1-2: Ball
2-2: Ball
3-2: Base on Balls
Batting: SHB Benjamin Brown 0-0: Called Strike
0-1: Ball
1-1: SINGLE (Line Drive, 8LS, EV 106.9 MPH)
Tsutomu Irie to second
Runner from 2nd tries for 3rd, OUT! 8-5
Top of the 4th over - 0 runs, 1 hit, 0 errors, 1 left on base; Los Angeles 2 - Milwaukee 0
BOTTOM OF THE 4TH
Milwaukee Brewers batting - Pitching for Los Angeles Dodgers : RHP Michael Walsh
Batting: RHB Dave Gonzalez 0-0: Ball
1-0: Called Strike
1-1: Ball
2-1: Called Strike
2-2: Foul Ball, location: 2F
2-2: Ball
3-2: Fly out, F7 (Flyball, 7, EV 87.5 MPH)
Batting: LHB Alfredo de la Cruz 0-0: Ground out 4-3 (Groundball, 4, EV 84.4 MPH)
Batting: RHB Mike Ball 0-0: Ball
1-0: Foul Ball, location: 2F
1-1: Ball
2-1: Ball
3-1: Ground out 6-3 (Groundball, 56, EV 105.6 MPH)
Bottom of the 4th over - 0 runs, 0 hits, 0 errors, 0 left on base; Los Angeles 2 - Milwaukee 0
TOP OF THE 5TH
Los Angeles Dodgers batting - Pitching for Milwaukee Brewers : RHP Mekonen Mahfudh
Batting: RHB Rodolfo Rivera 0-0: Called Strike
0-1: Ball
1-1: Ball
2-1: Ground out 3-1 (Groundball, 34S, EV 83.1 MPH)
Batting: RHB Tim Nettles 0-0: Ball
1-0: Fly out, F9 (Flyball, 89XD, EV 93.1 MPH)
Batting: SHB Joel Baker 0-0: Foul Ball, location: 2F
0-1: Called Strike
0-2: Ball
1-2: Foul Ball, location: 2F
1-2: SINGLE (Line Drive, 9S, EV 103.8 MPH)
Batting: LHB Lirak Bazhunaishvili 0-0: Ball
1-0: Foul Ball, location: 2F
1-1: Swinging Strike
1-2: Strikes out looking
Top of the 5th over - 0 runs, 1 hit, 0 errors, 1 left on base; Los Angeles 2 - Milwaukee 0
BOTTOM OF THE 5TH
Milwaukee Brewers batting - Pitching for Los Angeles Dodgers : RHP Michael Walsh
Batting: RHB Kisho Ito 0-0: SINGLE (Line Drive, 89S, EV 91.9 MPH)
Batting: RHB Naofumi Ishida 0-0: Swinging Strike
0-1: Fly out, F6 (Popup, 6MD, EV 72.5 MPH)
Batting: LHB Jason Peck 0-0: Fielders Choice at 2nd, 5-4 (Groundball, 5, EV 86.2 MPH)
Batting: LHB Eric Klasek 0-0: Ball
1-0: SINGLE (Groundball, 34D, EV 93.8 MPH)
Jason Peck to second
Runner from 2nd tries for 3rd, SAFE, throw by RF made to third
Eric Klasek to second
Batting: SHB Lewis Thorpe Jr. 0-0: Called Strike
0-1: Called Strike
0-2: Ground out 4-3 (Groundball, 4, EV 81.2 MPH)
Bottom of the 5th over - 0 runs, 2 hits, 0 errors, 2 left on base; Los Angeles 2 - Milwaukee 0
TOP OF THE 6TH
Los Angeles Dodgers batting - Pitching for Milwaukee Brewers : RHP Mekonen Mahfudh
Batting: LHB Chris Buchan 0-0: Foul Ball, location: 2F
0-1: Swinging Strike
0-2: Strikes out looking
Batting: SHB Shane Marcum 0-0: Ball
1-0: Ball
2-0: DOUBLE (Line Drive, 7LD, EV 111.2 MPH)
Batting: RHB Danny Dyer 0-0: Called Strike
0-1: Ground out 6-3 (Groundball, 6, EV 89.4 MPH)
Shane Marcum to third
Batting: RHB Tsutomu Irie 0-0: Intentional Walk
Batting: SHB Benjamin Brown 0-0: Ball
1-0: Foul Ball, location: 2F
1-1: Ball
2-1: Foul Ball, location: 2F
2-2: Strikes out swinging
Top of the 6th over - 0 runs, 1 hit, 0 errors, 2 left on base; Los Angeles 2 - Milwaukee 0
BOTTOM OF THE 6TH
Milwaukee Brewers batting - Pitching for Los Angeles Dodgers : RHP Michael Walsh
Batting: RHB Joel Haycock 0-0: Called Strike
0-1: Fly out, F8 (Flyball, 8LD, EV 100.6 MPH)
Batting: RHB Dave Gonzalez 0-0: Called Strike
0-1: Reaches on Catchers interference
Batting: LHB Alfredo de la Cruz 0-0: Ball
Wild Pitch!
Dave Gonzalez to second
1-0: Ball
2-0: Ground out 6-3 (Groundball, 6S, EV 71.2 MPH)
Dave Gonzalez to third
Batting: RHB Mike Ball 0-0: DOUBLE (Line Drive, 78XD, EV 105.6 MPH)
Dave Gonzalez scores
Batting: RHB Kisho Ito 0-0: Called Strike
0-1: Foul Ball, location: 2F
0-2: Strikes out swinging
Bottom of the 6th over - 1 run, 1 hit, 1 error, 1 left on base; Los Angeles 2 - Milwaukee 1
TOP OF THE 7TH
Los Angeles Dodgers batting - Pitching for Milwaukee Brewers : RHP Mekonen Mahfudh
Pitching: RHP Jeff Urry
Batting: RHB Rodolfo Rivera 0-0: Swinging Strike
0-1: SINGLE (Groundball, 56D, EV 102.5 MPH)
Batting: RHB Tim Nettles 0-0: Foul Ball, location: 2F
0-1: Called Strike
0-2: 2-RUN HOME RUN (Flyball, 78XD, EV 111.9 MPH), Distance : 416 ft
Batting: SHB Joel Baker 0-0: Ball
1-0: Ball
2-0: Called Strike
2-1: Foul Ball, location: 2F
2-2: Fly out, F8 (Flyball, 89M, EV 80.0 MPH)
Batting: LHB Lirak Bazhunaishvili 0-0: Ball
1-0: Foul Ball, location: 2F
1-1: Fly out, F9 (Flyball, 9LS, EV 88.1 MPH)
Batting: LHB Chris Buchan 0-0: Ball
1-0: Ball
2-0: SINGLE (Groundball, 4MD, EV 94.4 MPH)
Batting: SHB Shane Marcum 0-0: Ball
1-0: Ground out U3 (Groundball, 3S, EV 79.4 MPH)
Top of the 7th over - 2 runs, 3 hits, 0 errors, 1 left on base; Los Angeles 4 - Milwaukee 1
BOTTOM OF THE 7TH
Milwaukee Brewers batting - Pitching for Los Angeles Dodgers : RHP Michael Walsh
Now at 1B: John Piccolo
Now in LF: Wing-kit Bu
Batting: RHB Naofumi Ishida 0-0: Ball
1-0: Foul Ball, location: 2F
1-1: SINGLE (Groundball, 56S, EV 73.1 MPH) (infield hit)
Batting: LHB Jason Peck 0-0: Foul Ball, location: 2F
0-1: Foul Ball, location: 2F
0-2: Strikes out swinging
Pitching: LHP J.P. Blair
Pinch Hitting: RHB Jose Morrissey 0-0: Called Strike
0-1: Ball
1-1: Ball
2-1: Swinging Strike
2-2: Strikes out swinging
Batting: SHB Lewis Thorpe Jr. 0-0: Ball
1-0: Foul Ball, location: 2F
1-1: Called Strike
1-2: Fly out, F8 (Line Drive, 78S, EV 88.8 MPH)
Bottom of the 7th over - 0 runs, 1 hit, 0 errors, 1 left on base; Los Angeles 4 - Milwaukee 1
TOP OF THE 8TH
Los Angeles Dodgers batting - Pitching for Milwaukee Brewers : RHP Jeff Urry
Pitching: RHP John Owens
Now in RF: Daniel Donovan
Batting: RHB Danny Dyer 0-0: Ball
1-0: SINGLE (Line Drive, 9S, EV 89.4 MPH)
Batting: RHB Tsutomu Irie 0-0: 2-RUN HOME RUN (Flyball, 7D, EV 98.8 MPH), Distance : 392 ft
Batting: SHB Benjamin Brown 0-0: DOUBLE (Line Drive, 8RXD, EV 105.6 MPH)
Batting: RHB Rodolfo Rivera 0-0: Ball
Benjamin Brown is caught stealing 3rd base 2-5
1-0: Foul Ball, location: 2F
1-1: Ball
2-1: Ground out 5-3 (Groundball, 5S, EV 83.1 MPH)
Batting: RHB Tim Nettles 0-0: Ground out 6-3 (Groundball, 6, EV 103.1 MPH)
Top of the 8th over - 2 runs, 3 hits, 0 errors, 0 left on base; Los Angeles 6 - Milwaukee 1
BOTTOM OF THE 8TH
Milwaukee Brewers batting - Pitching for Los Angeles Dodgers : LHP J.P. Blair
Batting: RHB Joel Haycock 0-0: Called Strike
0-1: Called Strike
0-2: Strikes out looking
Batting: RHB Dave Gonzalez 0-0: Foul Ball, location: 2F
0-1: Ball
1-1: SINGLE (Flyball, 34D, EV 88.1 MPH)
Batting: LHB Alfredo de la Cruz 0-0: Called Strike
0-1: Ball
1-1: Ball
2-1: Foul Ball, location: 2F
2-2: Fly out, F7 (Flyball, 78M, EV 88.8 MPH)
Batting: RHB Mike Ball 0-0: Ball
1-0: SINGLE (Groundball, 34, EV 103.8 MPH) (infield hit)
Dave Gonzalez to second
Batting: RHB Kisho Ito 0-0: Ball
1-0: Ball
2-0: Ball
3-0: Base on Balls
Dave Gonzalez to third
Mike Ball to second
Pitching: RHP Geoff Mooney
Batting: RHB Naofumi Ishida 0-0: Ball
1-0: Ball
2-0: Ball
3-0: Called Strike
3-1: Base on Balls
Dave Gonzalez scores
Mike Ball to third
Kisho Ito to second
Batting: LHB Jason Peck 0-0: Foul Ball, location: 2F
0-1: Foul Ball, location: 2F
0-2: Reached on error, E4 (Groundball, 4, EV 91.2 MPH)
Mike Ball scores
Kisho Ito scores
Naofumi Ishida to third
Batting: RHB Daniel Donovan 0-0: Ball
1-0: Called Strike
1-1: Foul Ball, location: 2F
1-2: Ball
2-2: Ball
3-2: Ground out 1-3 (Groundball, 15, EV 68.8 MPH)
Bottom of the 8th over - 3 runs, 2 hits, 1 error, 2 left on base; Los Angeles 6 - Milwaukee 4
TOP OF THE 9TH
Los Angeles Dodgers batting - Pitching for Milwaukee Brewers : RHP John Owens
Batting: RHB John Piccolo 0-0: Foul Ball, location: 2F
0-1: Foul Ball, location: 2F
0-2: Ball
1-2: Foul Ball, location: 2F
1-2: Ball
2-2: Ball
3-2: Fly out, F8 (Line Drive, 89M, EV 93.8 MPH)
Batting: LHB Lirak Bazhunaishvili 0-0: Ball
1-0: Foul Ball, location: 2F
1-1: Ball
2-1: Ball
3-1: Base on Balls
Batting: RHB Wing-kit Bu 0-0: Called Strike
0-1: Fly out, F8 (Line Drive, 78M, EV 98.8 MPH)
Batting: SHB Shane Marcum 0-0: Ball
1-0: Foul Ball, location: 2F
1-1: Foul Ball, location: 2F
1-2: Ball
Lirak Bazhunaishvili steals 2nd base
2-2: Foul Ball, location: 2F
2-2: Foul Ball, location: 2F
2-2: Foul Ball, location: 2F
2-2: Strikes out looking
Top of the 9th over - 0 runs, 0 hits, 0 errors, 1 left on base; Los Angeles 6 - Milwaukee 4
BOTTOM OF THE 9TH
Milwaukee Brewers batting - Pitching for Los Angeles Dodgers : RHP Geoff Mooney
Batting: SHB Lewis Thorpe Jr. 0-0: Swinging Strike
0-1: Ball
1-1: Ball
2-1: Foul Ball, location: 2F
2-2: Ball
3-2: Ground out 4-3 (Groundball, 4S, EV 65.0 MPH)
Batting: RHB Joel Haycock 0-0: Called Strike
0-1: Ball
1-1: Ball
2-1: Foul Ball, location: 2F
2-2: Foul Ball, location: 2F
2-2: Ball
3-2: Strikes out swinging
Batting: RHB Dave Gonzalez 0-0: Ball
1-0: Foul Ball, location: 2F
1-1: SINGLE (Flyball, 56D, EV 83.8 MPH)
Batting: LHB Alfredo de la Cruz 0-0: Called Strike
0-1: Ball
1-1: Ground out 4-3 (Groundball, 34D, EV 98.8 MPH)
Bottom of the 9th over - 0 runs, 1 hit, 0 errors, 1 left on base; Los Angeles 6 - Milwaukee 4
Sunday, July 16th , 2023 - OOTP Baseball 24.6 Build 69